AoeStats
← 乔木

Arena

507676236Analyzed
3v3 RM · 13d ago on Sep 19, 2026· 64m 57s· 6 players
Game mode
Random Map
Map size
Normal (6 player)
Population
200
Speed
Normal
Resources
Standard
Victory
Conquest
Starting age
Dark Age
Ending age
Imperial Age
RankedLock teamsTeams togetherTeam positionsShared explorationLock speedFull tech treeHidden civsTurbo modeCheats
Victory
Defeat
🇫🇷 Britons · France
857
+15
🇨🇳 Teutons · China
817
+17
🇫🇷 Ethiopians · France
787
+19
🇨🇳 Saracens · China
858
-18
🇨🇳 Byzantines · China
855
-17
🇨🇳 Khmer · China
814
-16
正义
1:04 Loom
10:36 Feudal Age
11:58 Horse Collar
12:06 Double-Bit Axe
18:27 Castle Age
17:59 Scale Mail Armor
18:10 Forging
18:31 Stone Mining
19:24 Chain Mail Armor
18:58 Pikeman
20:42 Bow Saw
22:47 Stone Shaft Mining
22:20 Gambesons
22:21 Arson
23:00 Sanctity
26:35 Squires
30:18 Iron Casting
31:43 Ironclad
33:47 Wheelbarrow
36:15 Fortified Wall
41:50 Imperial Age
40:08 Masonry
40:13 Fletching
42:52 Conscription
42:49 Halberdier
45:15 Chemistry
45:52 Two-Man Saw
44:59 Heavy Plow
47:20 Plate Mail Armor
49:59 Hand Cart
50:21 Crop Rotation
50:26 Masonry
51:44 Elite Teutonic Knight
53:33 Blast Furnace
57:04 Bodkin Arrow
56:58 Capped Ram
58:17 Town Watch
58:47 Caravan
59:17 Coinage
60:30 Scale Barding Armor
60:27 Padded Archer Armor
60:33 Scale Barding Armor
Goup
9:32 Feudal Age
15:22 Castle Age
14:51 Double-Bit Axe
14:56 Horse Collar
26:44 Imperial Age
24:41 Murder Holes
25:07 Ballistics
26:07 Wheelbarrow
25:24 Town Watch
26:00 Gold Mining
26:05 Fletching
27:34 Town Patrol
27:33 Bodkin Arrow
29:17 Chemistry
28:20 Padded Archer Armor
29:08 Conscription
28:39 Loom
29:34 Leather Archer Armor
29:45 Masonry
30:04 Bow Saw
30:47 Hand Cart
31:23 Ring Archer Armor
31:54 Bracer
33:11 Heavy Plow
33:50 Gold Shaft Mining
34:09 Elite Longbowman
44:07 Yeomen
51:53 Architecture
51:27 Caravan
62:05 Two-Man Saw
BabassLaMenace
4:16 Loom
10:13 Feudal Age
10:59 Double-Bit Axe
10:56 Horse Collar
12:54 Wheelbarrow
18:29 Castle Age
16:16 Town Watch
18:22 Fletching
18:32 Padded Archer Armor
19:17 Bodkin Arrow
19:40 Bow Saw
26:25 Leather Archer Armor
25:58 Crossbowman
27:50 Gold Mining
28:08 Heavy Plow
28:15 Stone Mining
29:13 Gold Shaft Mining
29:00 Thumb Ring
29:53 Heated Shot
30:49 Stone Shaft Mining
32:04 Ballistics
31:40 Murder Holes
35:21 Imperial Age
32:38 Town Watch
33:51 Hand Cart
34:00 Fortified Wall
34:03 Masonry
33:42 Elite Skirmisher
34:41 Forging
34:33 Scale Mail Armor
36:19 Town Patrol
37:41 Two-Man Saw
37:15 Arbalester
38:37 Conscription
38:23 Torsion Engines
38:24 Royal Heirs
37:45 Elite Shotel Warrior
37:56 Sappers
39:20 Capped Ram
39:23 Onager
44:13 Chemistry
43:19 Siege Engineers
43:45 Architecture
43:06 Guard Tower
43:19 Bracer
43:49 Ring Archer Armor
43:35 Chain Mail Armor
43:56 Iron Casting
50:41 Caravan
51:26 Coinage
51:20 Guilds
53:15 Banking
56:29 Siege Onager
56:31 Siege Ram
56:32 Heavy Scorpion
63:08 Keep
62:29 Heavy Cavalry Archer
帅气的酷酷
8:58 Loom
11:09 Feudal Age
12:16 Double-Bit Axe
16:22 Castle Age
16:42 Horse Collar
18:48 Bow Saw
23:13 Heavy Plow
36:23 Imperial Age
35:02 Wheelbarrow
36:05 Bloodlines
35:57 Husbandry
36:45 Hand Cart
38:05 Heavy Camel Rider
39:36 Elite Mameluke
45:44 Treadmill Crane
46:18 Forging
46:14 Scale Barding Armor
46:10 Padded Archer Armor
46:00 Fletching
46:10 Scale Mail Armor
48:43 Iron Casting
49:37 Two-Man Saw
50:01 Caravan
49:59 Gold Mining
49:59 Stone Mining
50:35 Siege Engineers
53:16 Conscription
56:27 Illumination
56:38 Counterweights
57:54 Chain Mail Armor
60:55 Bimaristan
64:46 Block Printing
乔木
10:13 Feudal Age
11:21 Double-Bit Axe
15:51 Castle Age
21:26 Bow Saw
21:00 Horse Collar
21:25 Stone Mining
22:12 Heavy Plow
26:25 Stone Shaft Mining
25:43 Gold Mining
28:29 Ballistics
28:25 Forging
28:09 Fletching
28:20 Padded Archer Armor
28:26 Scale Barding Armor
29:33 Tusk Swords
30:45 Iron Casting
30:06 Bodkin Arrow
30:13 Scale Mail Armor
31:15 Gold Shaft Mining
31:33 Man-at-Arms
33:13 Wheelbarrow
32:23 Town Watch
32:57 Leather Archer Armor
35:26 Chain Barding Armor
35:22 Chain Mail Armor
37:47 Imperial Age
36:33 Hand Cart
36:20 Town Patrol
36:58 Coinage
36:29 Caravan
37:21 Long Swordsman
38:44 Double Crossbow
39:00 Double Crossbow
39:10 Capped Ram
40:46 Elite Ballista Elephant
43:19 Blast Furnace
42:19 Bracer
42:50 Ring Archer Armor
42:34 Two-Handed Swordsman
46:12 Plate Barding Armor
46:56 Conscription
47:43 Chemistry
46:49 Siege Engineers
47:27 Banking
49:48 Arson
50:52 Ring Archer Armor
49:45 Siege Ram
章鱼哥
12:25 Feudal Age
16:45 Castle Age
14:34 Double-Bit Axe
14:41 Gold Mining
14:33 Horse Collar
19:01 Bow Saw
19:12 Heavy Plow
20:14 Wheelbarrow
19:48 Stone Mining
20:34 Gold Shaft Mining
23:26 Stone Shaft Mining
25:21 Hand Cart
25:10 Loom
30:34 Imperial Age
30:46 Forging
30:41 Scale Barding Armor
30:42 Husbandry
32:49 Two-Man Saw
32:22 Crop Rotation
32:59 Hoardings
35:35 Fletching
35:45 Padded Archer Armor
36:33 Ballistics
37:14 Chemistry
36:29 Elite Skirmisher
38:13 Bodkin Arrow
38:33 Leather Archer Armor
42:18 Bracer
42:49 Ring Archer Armor
Connection lost

Rejoining the realm…

Still unreachable

The connection could not be restored.

Session expired

The server has moved on; the page needs a fresh start.